APP
OREM OWLZ @ PULASKI YANKEES
07/11/2049
 
TOP OF THE 1ST
Orem Owlz batting - Pitching for Pulaski Yankees : RHP Lucas Uil
Pitching: RHP Lucas Uil
Batting: RHB Steve Neely 0-0: Ball
1-0: Swinging Strike
1-1: Foul Ball, location: 2F
1-2: Strikes out looking
Batting: RHB Fred Saxton 0-0: Called Strike
0-1: SINGLE (Line Drive, 78S, EV 91.9 MPH)
Batting: RHB Daniel Molina 0-0: Ball
1-0: Ball
2-0: Grounds into double play, 6-4-3 (Groundball, 56D, EV 90.6 MPH)
Top of the 1st over - 0 runs, 1 hit, 0 errors, 0 left on base; Orem 0 - Pulaski 0
BOTTOM OF THE 1ST
Pulaski Yankees batting - Pitching for Orem Owlz : LHP Lee Wendt
Pitching: LHP Lee Wendt
Batting: LHB Dave Ortiz 0-0: Called Strike
0-1: Foul Ball, location: 2F
0-2: Ground out 4-3 (Groundball, 34, EV 100.6 MPH)
Batting: RHB Paul Ngumi 0-0: Ball
1-0: Swinging Strike
1-1: Foul Ball, location: 2F
1-2: Ball
2-2: Ground out 6-3 (Groundball, 56, EV 82.5 MPH)
Batting: RHB Ken Stair 0-0: Ball
1-0: Ball
2-0: Called Strike
2-1: Foul Ball, location: 2F
2-2: Foul Ball, location: 2F
2-2: Strikes out swinging
Bottom of the 1st over - 0 runs, 0 hits, 0 errors, 0 left on base; Orem 0 - Pulaski 0
TOP OF THE 2ND
Orem Owlz batting - Pitching for Pulaski Yankees : RHP Lucas Uil
Batting: RHB Brian Spry 0-0: Ball
1-0: Ball
2-0: Called Strike
2-1: Ball
3-1: Foul Ball, location: 2F
3-2: Base on Balls
Batting: RHB Shawn Jansen 0-0: Called Strike
0-1: SINGLE (Groundball, 4MD, EV 97.5 MPH)
Brian Spry to second
Batting: SHB Cesar Carrasquillo 0-0: Grounds into double play, 6-4-3 (Groundball, 6MS, EV 81.2 MPH)
Brian Spry to third
Batting: LHB Kevin Feldman 0-0: Called Strike
0-1: SINGLE (Groundball, 6MS, EV 68.8 MPH) (infield hit)
Brian Spry scores
Batting: SHB Marty Kuehn 0-0: Called Strike
0-1: SINGLE (Line Drive, 8LS, EV 100.6 MPH)
Kevin Feldman to second
Runner from 2nd tries for 3rd, OUT! 8-5
Top of the 2nd over - 1 run, 3 hits, 0 errors, 1 left on base; Orem 1 - Pulaski 0
BOTTOM OF THE 2ND
Pulaski Yankees batting - Pitching for Orem Owlz : LHP Lee Wendt
Batting: RHB Jim O'Dwyer 0-0: Called Strike
0-1: Ball
1-1: DOUBLE (Flyball, 8RXD, EV 93.1 MPH)
Batting: SHB Dylan Best 0-0: Foul Ball, location: 2F
0-1: Swinging Strike
0-2: Ground out U3 (Groundball, 3, EV 87.5 MPH)
Jim O'Dwyer to third
Batting: RHB Jonathan Feldstein 0-0: Called Strike
0-1: Called Strike
0-2: Ball
1-2: Ball
2-2: Strikes out swinging
Batting: RHB Bailey Hays 0-0: Called Strike
0-1: Foul Ball, location: 2F
0-2: Reached on error, E5 (Groundball, 56S, EV 81.2 MPH)
Jim O'Dwyer scores
Batting: LHB Rip Log 0-0: Called Strike
0-1: Ball
1-1: Swinging Strike
1-2: Foul Ball, location: 2F
1-2: Foul Ball, location: 2F
1-2: Ball
2-2: Ground out 4-3 (Groundball, 4, EV 93.8 MPH)
Bottom of the 2nd over - 1 run, 1 hit, 1 error, 1 left on base; Orem 1 - Pulaski 1
TOP OF THE 3RD
Orem Owlz batting - Pitching for Pulaski Yankees : RHP Lucas Uil
Batting: RHB Carlos Gonzales 0-0: Ball
1-0: Called Strike
1-1: Swinging Strike
1-2: Ball
2-2: Ball
3-2: Fly out, F9 (Line Drive, 9S, EV 93.1 MPH)
Batting: RHB Steve Neely 0-0: Ball
1-0: Foul Ball, location: 2F
1-1: Ball
2-1: Fly out, F9 (Flyball, 9LS, EV 80.0 MPH)
Batting: RHB Fred Saxton 0-0: Ball
1-0: Ball
2-0: Foul Ball, location: 2F
2-1: SINGLE (Flyball, 7S, EV 95.6 MPH)
Batting: RHB Daniel Molina 0-0: Ball
Fred Saxton is caught stealing 2nd base 2-4
Top of the 3rd over - 0 runs, 1 hit, 0 errors, 0 left on base; Orem 1 - Pulaski 1
BOTTOM OF THE 3RD
Pulaski Yankees batting - Pitching for Orem Owlz : LHP Lee Wendt
Batting: RHB Juan Perez 0-0: Ground out 4-3 (Groundball, 4, EV 80.6 MPH)
Batting: LHB Dave Ortiz 0-0: Ball
1-0: Reached on error, E6 (Groundball, P, EV 91.2 MPH)
Batting: RHB Paul Ngumi 0-0: Called Strike
0-1: Fly out, F8 (Flyball, 8LXD, EV 102.5 MPH)
Batting: RHB Ken Stair 0-0: Swinging Strike
0-1: Foul Ball, location: 2F
0-2: Ball
1-2: Strikes out swinging
Bottom of the 3rd over - 0 runs, 0 hits, 1 error, 1 left on base; Orem 1 - Pulaski 1
TOP OF THE 4TH
Orem Owlz batting - Pitching for Pulaski Yankees : RHP Lucas Uil
Batting: RHB Daniel Molina 0-0: Ball
1-0: Ball
2-0: Called Strike
2-1: Foul Ball, location: 2F
2-2: Foul Ball, location: 2F
2-2: Foul Ball, location: 2F
2-2: SOLO HOME RUN (Flyball, 7D, EV 97.5 MPH), Distance : 387 ft
Batting: RHB Brian Spry 0-0: Fly out, F8 (Line Drive, 89M, EV 91.2 MPH)
Batting: RHB Shawn Jansen 0-0: Ball
1-0: Ball
2-0: Foul Ball, location: 2F
2-1: Ball
3-1: DOUBLE (Flyball, 89XD, EV 101.2 MPH)
Batting: SHB Cesar Carrasquillo 0-0: Called Strike
0-1: Swinging Strike
0-2: Strikes out looking
Batting: LHB Kevin Feldman 0-0: Ball
1-0: Ball
2-0: Foul Ball, location: 2F
2-1: Ball
3-1: Foul Ball, location: 2F
3-2: Foul Ball, location: 2F
3-2: Base on Balls
Batting: SHB Marty Kuehn 0-0: Ball
1-0: Ball
2-0: Called Strike
2-1: Ball
3-1: Foul Ball, location: 2F
3-2: Strikes out swinging
Top of the 4th over - 1 run, 2 hits, 0 errors, 2 left on base; Orem 2 - Pulaski 1
BOTTOM OF THE 4TH
Pulaski Yankees batting - Pitching for Orem Owlz : LHP Lee Wendt
Batting: RHB Jim O'Dwyer 0-0: Called Strike
0-1: Swinging Strike
0-2: Ball
1-2: Ball
2-2: Strikes out swinging
Batting: SHB Dylan Best 0-0: Ball
1-0: Ball
2-0: Called Strike
2-1: Called Strike
2-2: Ground out 6-3 (Groundball, 6M, EV 88.8 MPH)
Batting: RHB Jonathan Feldstein 0-0: Swinging Strike
0-1: Ball
1-1: Swinging Strike
1-2: Strikes out swinging
Bottom of the 4th over - 0 runs, 0 hits, 0 errors, 0 left on base; Orem 2 - Pulaski 1
TOP OF THE 5TH
Orem Owlz batting - Pitching for Pulaski Yankees : RHP Lucas Uil
Batting: RHB Carlos Gonzales 0-0: Ball
1-0: Ball
2-0: Called Strike
2-1: Called Strike
2-2: Foul Ball, location: 2F
2-2: Strikes out swinging
Batting: RHB Steve Neely 0-0: Called Strike
0-1: Fly out, F8 (Flyball, 8RD, EV 95.0 MPH)
Batting: RHB Fred Saxton 0-0: Ball
1-0: Ball
2-0: Swinging Strike
2-1: Called Strike
2-2: Fly out, F8 (Flyball, 78M, EV 95.6 MPH)
Top of the 5th over - 0 runs, 0 hits, 0 errors, 0 left on base; Orem 2 - Pulaski 1
BOTTOM OF THE 5TH
Pulaski Yankees batting - Pitching for Orem Owlz : LHP Lee Wendt
Batting: RHB Bailey Hays 0-0: Ball
1-0: Ball
2-0: Ball
3-0: Called Strike
3-1: Called Strike
3-2: Strikes out swinging
Batting: LHB Rip Log 0-0: Ball
1-0: Foul Ball, location: 2F
1-1: Swinging Strike
1-2: Ball
2-2: Foul Ball, location: 2F
2-2: Strikes out swinging
Batting: RHB Juan Perez 0-0: Fly out, F8 (Flyball, 8LS, EV 81.9 MPH)
Bottom of the 5th over - 0 runs, 0 hits, 0 errors, 0 left on base; Orem 2 - Pulaski 1
TOP OF THE 6TH
Orem Owlz batting - Pitching for Pulaski Yankees : RHP Lucas Uil
Batting: RHB Daniel Molina 0-0: Ball
1-0: SOLO HOME RUN (Flyball, 7D, EV 96.2 MPH), Distance : 365 ft
Batting: RHB Brian Spry 0-0: Ball
1-0: Swinging Strike
1-1: Foul Ball, location: 2F
1-2: Ball
2-2: Foul Ball, location: 2F
2-2: Strikes out looking
Batting: RHB Shawn Jansen 0-0: Ball
1-0: SINGLE (Line Drive, 34D, EV 99.4 MPH)
Batting: SHB Cesar Carrasquillo 0-0: Ball
1-0: Ball
2-0: Ball
3-0: Base on Balls
Shawn Jansen to second
Batting: LHB Kevin Feldman 0-0: Foul Ball, location: 2F
0-1: Swinging Strike
0-2: Ball
1-2: Ball
2-2: Strikes out swinging
Batting: SHB Marty Kuehn 0-0: Called Strike
0-1: Ball
1-1: Ball
2-1: Ball
3-1: Base on Balls
Shawn Jansen to third
Cesar Carrasquillo to second
Pitching: RHP Zack Young
Batting: RHB Carlos Gonzales 0-0: Ball
1-0: Ball
2-0: Called Strike
2-1: Foul Ball, location: 2F
2-2: Strikes out swinging
Top of the 6th over - 1 run, 2 hits, 0 errors, 3 left on base; Orem 3 - Pulaski 1
BOTTOM OF THE 6TH
Pulaski Yankees batting - Pitching for Orem Owlz : LHP Lee Wendt
Batting: LHB Dave Ortiz 0-0: Called Strike
0-1: Ball
1-1: Ground out 5-3 (Groundball, 56, EV 76.9 MPH)
Batting: RHB Paul Ngumi 0-0: Called Strike
0-1: Called Strike
0-2: Strikes out looking
Batting: RHB Ken Stair 0-0: Ball
1-0: Ball
2-0: Foul Ball, location: 2F
2-1: Called Strike
2-2: Foul Ball, location: 2F
2-2: Ball
3-2: Base on Balls
Pitching: RHP Nick Kempson
Pinch Hitting: LHB Troy Jones 0-0: Ball
1-0: Ball
2-0: Called Strike
2-1: Foul Ball, location: 2F
2-2: Ball
3-2: Foul Ball, location: 2F
3-2: Foul Ball, location: 2F
3-2: Foul Ball, location: 2F
3-2: Base on Balls
Ken Stair to second
Pinch Runner at 2nd Tchaa Kombate:
Batting: SHB Dylan Best 0-0: Called Strike
0-1: Ball
1-1: Swinging Strike
1-2: Ball
2-2: DOUBLE (Flyball, 89D, EV 104.4 MPH)
Tchaa Kombate scores
Troy Jones to third
Pinch Hitting: LHB Chris Viehman 0-0: Ball
1-0: Foul Ball, location: 2F
1-1: Called Strike
1-2: Ball
2-2: Ball
3-2: Ground out 6-3 (Groundball, 6, EV 82.5 MPH)
Bottom of the 6th over - 1 run, 1 hit, 0 errors, 2 left on base; Orem 3 - Pulaski 2
TOP OF THE 7TH
Orem Owlz batting - Pitching for Pulaski Yankees : RHP Zack Young
Now at 1B: Chris Viehman
Now at 3B: Dylan Best
Now in CF: Troy Jones
Pinch Hitting: RHB Brendan Garoutte 0-0: Called Strike
0-1: Ball
1-1: SINGLE (Groundball, 5S, EV 95.0 MPH)
Batting: RHB Fred Saxton 0-0: Ball
Brendan Garoutte steals 2nd base
1-0: Ball
2-0: Bunt missed!
2-1: Sac Bunt to 13 - play at first, batter OUT! 1-4
Brendan Garoutte to third
Pitching: RHP Mauricio Zambrana
Batting: RHB Daniel Molina 0-0: Called Strike
0-1: Called Strike
0-2: Strikes out swinging
Batting: RHB Brian Spry 0-0: Ball
1-0: Called Strike
1-1: Foul Ball, location: 2F
1-2: Ball
2-2: Ball
3-2: Foul Ball, location: 2F
3-2: Base on Balls
Batting: RHB Shawn Jansen 0-0: Ball
1-0: Foul Ball, location: 2F
1-1: Ground out 6-3 (Groundball, 56, EV 94.4 MPH)
Top of the 7th over - 0 runs, 1 hit, 0 errors, 2 left on base; Orem 3 - Pulaski 2
BOTTOM OF THE 7TH
Pulaski Yankees batting - Pitching for Orem Owlz : RHP Nick Kempson
Now in RF: Brendan Garoutte
Pinch Hitting: RHB Yasuoka Tsuda 0-0: Ball
1-0: Foul Ball, location: 2F
1-1: Swinging Strike
1-2: Fly out, F8 (Flyball, 8RM, EV 81.2 MPH)
Pitching: RHP Dean Aspden
Pinch Hitting: RHB Jose Villanueva 0-0: Called Strike
0-1: Ground out 1-3 (Groundball, P, EV 73.1 MPH)
Pinch Hitting: RHB Victor Garcia 0-0: Ball
1-0: Foul Ball, location: 2F
1-1: Ball
2-1: Ball
3-1: Called Strike
3-2: Strikes out swinging
Bottom of the 7th over - 0 runs, 0 hits, 0 errors, 0 left on base; Orem 3 - Pulaski 2
TOP OF THE 8TH
Orem Owlz batting - Pitching for Pulaski Yankees : RHP Mauricio Zambrana
Pitching: RHP Jose Palacio
Now at SS: Victor Garcia
Now in LF: Arturo Gomez
Now in RF: Victor Reyna
Batting: SHB Cesar Carrasquillo 0-0: DOUBLE (Flyball, 8RXD, EV 90.0 MPH)
Batting: LHB Kevin Feldman 0-0: Ball
1-0: Ball
2-0: Called Strike
2-1: Called Strike
2-2: Fly out, F6 (Flyball, 5D, EV 86.2 MPH)
Batting: SHB Marty Kuehn 0-0: Swinging Strike
0-1: Fly out, F6 (Popup, 56, EV 60.0 MPH)
Batting: RHB Carlos Gonzales 0-0: Foul Ball, location: 2F
0-1: Swinging Strike
0-2: Strikes out swinging
Top of the 8th over - 0 runs, 1 hit, 0 errors, 1 left on base; Orem 3 - Pulaski 2
BOTTOM OF THE 8TH
Pulaski Yankees batting - Pitching for Orem Owlz : RHP Dean Aspden
Batting: LHB Dave Ortiz 0-0: Ball
1-0: Called Strike
1-1: Foul Ball, location: 2F
1-2: Ball
2-2: Ground out 5-3 (Groundball, 56, EV 98.1 MPH)
Batting: RHB Paul Ngumi 0-0: Foul Ball, location: 2F
0-1: Foul Ball, location: 2F
0-2: Ball
1-2: Ball
2-2: Strikes out swinging
Batting: RHB Edwin Sierra 0-0: Swinging Strike
0-1: Called Strike
0-2: Ball
1-2: Foul Ball, location: 2F
1-2: Ball
2-2: Foul Ball, location: 2F
2-2: Ground out 6-3 (Groundball, 6, EV 104.4 MPH)
Bottom of the 8th over - 0 runs, 0 hits, 0 errors, 0 left on base; Orem 3 - Pulaski 2
TOP OF THE 9TH
Orem Owlz batting - Pitching for Pulaski Yankees : RHP Jose Palacio
Pinch Hitting: SHB Manuel Martinez 0-0: Foul Ball, location: 2F
0-1: Foul Ball, location: 2F
0-2: Ball
1-2: Ball
2-2: Ground out 5-3 (Groundball, 6, EV 101.9 MPH)
Batting: RHB Fred Saxton 0-0: Called Strike
0-1: Fly out, F5 (Popup, 5, EV 73.8 MPH)
Batting: RHB Daniel Molina 0-0: Ball
1-0: Ball
2-0: Ball
3-0: Called Strike
3-1: Fly out, F4 (Popup, 34D, EV 68.1 MPH)
Top of the 9th over - 0 runs, 0 hits, 0 errors, 0 left on base; Orem 3 - Pulaski 2
BOTTOM OF THE 9TH
Pulaski Yankees batting - Pitching for Orem Owlz : RHP Dean Aspden
Pitching: RHP Jerry Romero
Now in RF: David Coatney
Batting: LHB Troy Jones 0-0: Foul Ball, location: 2F
0-1: Ball
1-1: Foul Ball, location: 2F
1-2: Foul Ball, location: 2F
1-2: Strikes out swinging
Batting: SHB Dylan Best 0-0: Ball
1-0: Ball
2-0: Ball
3-0: Called Strike
3-1: Base on Balls
Batting: LHB Chris Viehman 0-0: Ball
1-0: Swinging Strike
1-1: Ball
2-1: Ball
3-1: Swinging Strike
3-2: Strikes out looking
Batting: LHB Victor Reyna 0-0: Called Strike
0-1: Called Strike
0-2: Strikes out looking
Bottom of the 9th over - 0 runs, 0 hits, 0 errors, 1 left on base; Orem 3 - Pulaski 2
Sunday, July 16th , 2023 - OOTP Baseball 24.6 Build 69